 Dungeon Crawl Stone Soup version 0.25.0-1-g7eea58d2a3 (webtiles) character file.

Game seed: 11860098648861004528

254 DeadF the Covert (level 5, -1/21 HPs)
             Began as a Felid Enchanter on June 13, 2020.
             Slain by a jackal (2 damage)
             ... on level 6 of the Dungeon.
             The game lasted 00:34:13 (8546 turns).

DeadF the Covert (Felid Enchanter)                  Turns: 8546, Time: 00:34:13

Health: -1/21      AC:  2    Str:  4    XL:     5   Next: 91%
Magic:  10/10      EV: 23    Int: 16    God:
Gold:   185        SH:  0    Dex: 19    Spells: 3/9 levels left
                                        Lives:  0   Deaths: 2

rFire    . . .     SeeInvis +     - Unarmed
rCold    . . .     Gourm    .   (shield unavailable)
rNeg     . . .     Faith    .   (armour unavailable)
rPois    +         Spirit   .   (helmet unavailable)
rElec    .         Reflect  .   (cloak unavailable)
rCorr    .         Harm     .   (gloves unavailable)
MR       .....                  (boots unavailable)
Stlth    ++++++....             (no amulet)
HPRegen  0.07/turn              j - ring of stealth
MPRegen  0.12/turn              o - ring of poison resistance

@: quick
A: very small, no armour, no weapons or thrown items, stealth, claws 1, fangs 3,
see invisible, carnivore, speed 1, shaggy fur 2, slow metabolism 1, sharp paws
a: no special abilities


You were on level 6 of the Dungeon.
You were not hungry.

You visited 1 branch of the dungeon, and saw 7 of its levels.

You collected 185 gold pieces.

Inventory:

Jewellery
 f - an uncursed ring of fire
 j - a ring of stealth (left paw)
 o - a ring of poison resistance (right paw)
 q - an uncursed ring of see invisible
 r - a cursed ring of teleportation {unknown}
Scrolls
 a - a scroll of noise {unknown}
 e - 4 scrolls of teleportation {unknown}
 i - a scroll of blinking {unknown}
 k - a scroll of fear {unknown}
 m - a scroll of remove curse {unknown}
 n - a scroll of amnesia {unknown}
 s - 2 scrolls of identify
 t - 2 scrolls of magic mapping
Potions
 c - a potion of brilliance
 d - 2 potions of berserk rage {unknown}
 g - 2 potions of lignification {unknown}
 h - a potion of magic
Comestibles
 b - 10 rations


   Skills:
 + Level 0.1 Fighting
 + Level 7.2 Dodging
 + Level 9.2 Stealth
 - Level 1.0 Unarmed Combat
 + Level 2.8 Spellcasting
 + Level 5.1 Hexes
 * Level 2.1 Ice Magic


You had 3 spell levels left.
You knew the following spells:

 Your Spells              Type           Power        Failure   Level  Hunger
a - Corona                Hex            ###....      2%          1    #......
b - Ensorcelled Hibernat  Hex/Ice        ##....       6%          2    ##.....
c - Confusing Touch       Hex            ###.....     7%          3    ###....

Your spell library contained the following spells:

 Spells                   Type           Power        Failure   Level  Hunger
 Tukima's Dance           Hex            ###.....     7%          3    ###....
 Dazzling Flash           Conj/Hex       ##....       21%         3    ###....


Dungeon Overview and Level Annotations

Branches:
Dungeon (7/15)
 Temple: D:4-7

Altars:
Fedhas
Qazlal
Ru
Wu Jian

Annotations:
D:2 Terence
D:7 Prince Ribbit


Innate Abilities, Weirdness & Mutations

You cannot wear armour.
You are incapable of wielding weapons or throwing items.
Your paws allow you to move quietly. (Stealth)
You have sharp claws.
You have razor-sharp teeth.
You have supernaturally acute eyesight. (SInv)
You are carnivorous and can eat meat at any time.
You cover ground quickly.
You are covered in thick fur. (AC +2)
You have a slow metabolism.
Your sharp claws are effective at attacking unaware monsters.


Message History

The jackal closely misses you.
The orc wizard looks satisfied for a moment.
The jackal closely misses you. The jackal misses you.
The orc wizard is no longer moving quickly.
The jackal bites you.
* * * LOW HITPOINT WARNING * * *
The jackal completely misses you. The jackal closely misses you.
The jackal bites you.
* * * LOW HITPOINT WARNING * * *
The jackal misses you. The jackal completely misses you. The jackal bites you.
* * * LOW HITPOINT WARNING * * *
The jackal misses you. The jackal completely misses you.
The jackal barely misses you. The jackal completely misses you.
The jackal misses you. x2
The orc wizard gestures wildly while chanting.
The orc wizard seems to speed up.
The jackal completely misses you. The jackal closely misses you.
The jackal bites you.
You die...

..# .. [. # # .
##.# #.# ....o #.#
....oo###.#.######
...oohh@h###....<#
....Yh###.#.####.#
..... ##.## #.#
##.# #..# #.# #
##.# #.# .# #.#
###.##.## .# #.#
##....... .# #.# #
##.......# ## #.#


You could see an ice beast, an orc priest, 2 orc wizards, 2 orcs and 4 jackals.

Vanquished Creatures
  2 bullfrogs
  A scorpion (D:7)
  4 wights (D:4)
  A centaur zombie (D:6)
  2 jellies
  A bullfrog skeleton (D:4)
  A centaur skeleton (D:4)
  8 worker ants
  2 hound skeletons
  8 adders
  2 worms
  A dart slug (D:1)
  A leopard gecko (D:3)
  5 orcs
  3 giant cockroaches
  10 goblins
  10 hobgoblins
  2 jackals
  2 quokkas
  A ball python (D:3)
  9 bats
  3 frilled lizards
  A giant cockroach zombie (D:4)
  5 kobolds
  6 rats
91 creatures vanquished.

Notes
Turn   | Place    | Note
-------+----------+-------------------------------------------
     0 | D:1      | DeadF the Felid Enchanter began the quest for the Orb.
     0 | D:1      | Reached XP level 1. HP: 7/7 MP: 4/4
    89 | D:2      | Reached XP level 2. HP: 3/11 MP: 6/6
   460 | D:2      | Learned a level 2 spell: Ensorcelled Hibernation
   642 | D:2      | Noticed Terence
   820 | D:1      | Reached skill level 5 in Stealth
   929 | D:1      | Reached XP level 3. HP: 14/14 MP: 0/7
  2313 | D:3      | Found an ornate altar of the Wu Jian Council.
  2368 | D:3      | Reached XP level 4. HP: 18/18 MP: 2/8
  2907 | D:3      | Found a sacrificial altar of Ru.
  3228 | D:3      | Reached skill level 6 in Stealth
  3589 | D:4      | Reached skill level 5 in Dodging
  3601 | D:4      | Learned a level 3 spell: Confusing Touch
  3715 | D:4      | Reached XP level 5. HP: 15/21 MP: 9/9
  3845 | D:4      | Noticed an ogre
  4101 | D:4      | Reached skill level 7 in Stealth
  4170 | D:4      | Found a stormy altar of Qazlal.
  4568 | D:4      | Gained mutation: You are covered in thick fur. (AC +2)
                  | [Felid growth]
  4568 | D:4      | Reached XP level 6. HP: 18/24 MP: 10/10
  4807 | D:5      | Entered Level 5 of the Dungeon
  5858 | D:4      | Reached skill level 8 in Stealth
  7087 | D:4      | Reached XP level 7. HP: 23/27 MP: 4/11
  7223 | D:4      | Reached skill level 1 in Ice Magic
  7666 | D:4      | Found a blossoming altar of Fedhas.
  8282 | D:7      | Reached skill level 9 in Stealth
  8292 | D:7      | Noticed Prince Ribbit
  8352 | D:6      | Killed from afar by an orc priest
  8353 | D:6      | Reached XP level 6. HP: -3/24 MP: 10/10
  8376 | D:6      | Reached skill level 5 in Hexes
  8408 | D:6      | Slain by a bullfrog skeleton
  8409 | D:6      | Reached XP level 5. HP: -1/21 MP: 2/10
  8460 | D:6      | Noticed an ice beast
  8543 | D:6      | HP: 1/21 [jackal (2)]
  8546 | D:6      | Slain by a jackal

Illustrated notes

Levels and vault maps discovered:
D:1:      mrwooster_arrival_statue_2, layout_basic
D:2:      layout_loops_cross, first_ration, uniq_terence
D:3:      layout_basic, marbit_many_paths, old_standard_altar,
          kennysheep_generic_room_3
D:4:      layout_basic, kennysheep_mini_moat, fedhas_altar_fruit_tree
D:5:      layout_loops_ring
D:6:      layout_loops_ring, overflow_temple_1_default,
          minmay_temple_entry_trees
D:7:      layout_basic, uniq_crazy_yiuf_cottage, uniq_prince_ribbit1

Skill      XL: |  1  2  3  4  5  6  7 |
---------------+----------------------+-----
Dodging        | 3 4 5 6 7 |  7.2
Stealth        | 5 6 7 8 9 |  9.2
Ice Magic      | 2 1 |  2.1
Hexes          | 5 |  5.1
Fighting       | |  0.1
Unarmed Combat | |  1.0
Spellcasting   | |  2.8

Action                   |  1- 3 |  4- 6 |  7- 9 || total
-------------------------+-------+-------+-------++-------
Melee: Unarmed           |    79 |   162 |    47 ||   288
       Bite              |     6 |    22 |     8 ||    36
 Cast: Corona            |     2 |     9 |     1 ||    12
       Ensorcelled Hiber |    29 |    34 |    10 ||    73
       Confusing Touch   |       |     4 |     4 ||     8
  Use: Scroll            |       |     4 |     2 ||     6
       Potion            |       |       |     4 ||     4
 Stab: Sleeping          |    24 |    33 |     7 ||    64
       Confused          |       |     4 |     3 ||     7
  Eat: Chunk             |    12 |    10 |     2 ||    24
Armor: Skin              |     4 |     9 |       ||    13
Dodge: Dodged            |    89 |   258 |    39 ||   386
